 Dungeon Crawl Stone Soup version 0.30.1-1-g62c8e00024 (webtiles) character file.

Game seed: 18044231820556475103

10944 GeoRichter the Marksspriggan (level 11, -12/60 HPs)
             Began as a Spriggan Hunter on July 16, 2023.
             Was an Elder of Dithmenos.
             Mangled by a boulder beetle (42 damage)
             ... on level 10 of the Dungeon.
             The game lasted 00:21:31 (10529 turns).

GeoRichter the Marksspriggan (Spriggan Hunter)     Turns: 10529, Time: 00:21:31

Health: -12/60     AC:  6    Str: 10    XL:     11   Next: 42%
Magic:  0/12       EV: 21    Int:  8    God:    Dithmenos [****..]
Gold:   156        SH:  0    Dex: 31    Spells: 10/10 levels left

rFire   + . .        a - +0 hand crossbow
rCold   + . .        (no shield)
rNeg    + + .        v - +2 robe {rC+ rF+}
rPois   .            (helmet restricted)
rElec   +            w - +1 cloak of Wu Jian's Delight {Rampage rElec Dex+7}
rCorr   +            (gloves unavailable)
SInv    +            (boots unavailable)
Will    +....        p - amulet of guardian spirit
Stlth   +++++        j - ring of resist corrosion
HPRegen 0.30/turn    J - ring "Zuseps" {Fly rN++ Str+3 Int-2}
MPRegen 0.13/turn

%: guardian spirit, rampage
@: flying, wreathed by umbra, very quick
A: very small, no large weapons, unfitting armour, see invisible, speed 3
a: Renounce Religion, Shadow Step


You were on level 10 of the Dungeon.
You worshipped Dithmenos.
Dithmenos was greatly pleased with you.
You visited 2 branches of the dungeon, and saw 11 of its levels.

You collected 597 gold pieces.
You spent 441 gold pieces at shops.

Inventory:

Hand Weapons
 a - a +0 hand crossbow (weapon)
   (You found it on level 10 of the Dungeon)
 b - the +7 short sword of Dividends {protect, Dex+2}
   (You found it on level 6 of the Dungeon)

   Dex:       It affects your dexterity (+2).
 I - a +0 arbalest
   (You took it off an orc warrior on level 9 of the Dungeon)
Missiles
 k - 3 curare-tipped darts {!f}
 A - a throwing net {!f}
Armour
 v - a +2 robe of resistance (worn)
   (You took it off Pikel on level 9 of the Dungeon)
 w - the +1 cloak of Wu Jian's Delight (worn) {Rampage rElec Dex+7}
   (You acquired it on level 8 of the Dungeon)

   Dex:       It affects your dexterity (+7).
   rElec:     It insulates you from electricity.
   Rampage:   It bestows one free step when moving towards enemies.
 E - +0 steam dragon scales
   (You took it off Maggie on level 9 of the Dungeon)
Jewellery
 f - a ring of protection from cold
   (You found it on level 6 of the Dungeon)
 j - a ring of resist corrosion (left hand)
   (You found it on level 2 of the Dungeon)
 l - a ring of flight
   (You found it on level 3 of the Dungeon)
 p - an amulet of guardian spirit (around neck)
   (You found it on level 3 of the Dungeon)
 J - the ring "Zuseps" (right hand) {Fly rN++ Str+3 Int-2}
   (You found it on level 10 of the Dungeon)

   [ring of flight]

   Str:       It affects your strength (+3).
   Int:       It affects your intelligence (-2).
   rN:        It greatly protects you from negative energy.
   Fly:       It grants you flight.
Wands
 c - a wand of flame (4)
   (You took it off Maggie on level 9 of the Dungeon)
 t - a wand of mindburst (14)
   (You took it off Ijyb on level 4 of the Dungeon)
Scrolls
 d - 7 scrolls of teleportation {@r4}
 g - 2 scrolls of enchant weapon
 h - a scroll of fog
 m - 3 scrolls of vulnerability {!r}
 n - a scroll of fear
 o - 3 scrolls of amnesia
 q - 4 scrolls of noise {!r}
 r - a scroll of enchant armour {unknown}
 y - 3 scrolls of magic mapping
 F - a scroll of silence
 H - a scroll of identify {@r1}
Potions
 e - 7 potions of curing {@q1}
 i - 4 potions of might
 s - a potion of lignification {unknown}
 u - 2 potions of haste {@q3}
 x - a potion of mutation {unknown}
 z - 6 potions of heal wounds {@q2}
 B - 2 potions of degeneration {unknown}
 C - a potion of ambrosia {unknown}
 D - a potion of brilliance {unknown}
 G - a potion of invisibility
 K - a potion of flight {unknown}


   Skills:
 + Level 8.4 Fighting
 * Level 15.2 Ranged Weapons
 + Level 3.9 Dodging
 + Level 3.6 Stealth
 + Level 2.5 Evocations


You had 10 spell levels left.
You didn't know any spells.
Your spell library contained the following spells:

 Spells                   Type           Power      Damage    Failure   Level
 Beastly Appendage        Tmut           0%         N/A       41%         1
 Freeze                   Ice            0%         1d3       41%         1
 Sting                    Tmut/Pois      0%         1d3       41%         1
 Poisonous Vapours        Pois/Air       0%         N/A       54%         2
 Wereblood                Tmut           0%         N/A       54%         2
 Frozen Ramparts          Ice            0%         1d1       78%         3
 Hailstorm                Conj/Ice       0%         3d3       78%         3
 Spider Form              Tmut/Pois      0%         N/A       78%         3
 Olgreb's Toxic Radiance  Pois           0%         N/A       99%         4


Dungeon Overview and Level Annotations

Branches:
Dungeon (10/15) Zot: 26722  Temple (1/1) D:4 Zot: 5940
   Lair: D:8-11         Orc: D:9-12

Altars:
Ashenzari
Dithmenos
Elyvilon
Fedhas
Gozag
Hepliaklqana
Kikubaaqudgha
Makhleb
Nemelex Xobeh
Qazlal
Ru
Trog
Uskayaw
Vehumet
Wu Jian
Xom
Yredelemnul
Zin
The Shining One

Shops:
D:8 ?[!

Annotations:
D:7 exclusion: obsidian statue


Innate Abilities, Weirdness & Mutations

You are very small and have problems with some larger weapons.
You are too small for most types of armour.
You have supernaturally acute eyesight. (SInv)
You cover ground extremely quickly. (Speed+++)


Message History

The boulder beetle is moderately wounded.
Your shadow shoots a bolt.
The bolt hits the boulder beetle but does no damage.
The boulder beetle closely misses you.
You shoot a bolt. The bolt hits the boulder beetle.
The boulder beetle is moderately wounded.
The boulder beetle bites you!!
You shoot a bolt.
The bolt hits the boulder beetle but does no damage.
The boulder beetle is moderately wounded.
The boulder beetle misses you.
You shoot a bolt. The bolt hits the boulder beetle!!
The boulder beetle is severely wounded.
The boulder beetle leaps!
A boulder beetle is nearby!
You shoot a bolt.
The bolt hits the boulder beetle but does no damage.
The boulder beetle is severely wounded.
You shoot a bolt. The bolt hits the boulder beetle.
The boulder beetle is severely wounded.
You shoot a bolt.
The bolt barely misses the boulder beetle.
The boulder beetle curls into a ball and begins rolling!
You shoot a bolt. The bolt hits the boulder beetle.
The boulder beetle is severely wounded.
You shoot a bolt. The bolt hits the boulder beetle.
The boulder beetle is severely wounded.
The boulder beetle hits you!
* * * LOW HITPOINT WARNING * * *
The boulder beetle stops rolling and uncurls.
Fire: a) +0 hand crossbow
Press: ? - help, Q - select action, (/) - cycle Shift-Dir - straight line, f/p - boulder beetle
Aim: a boulder beetle (severely wounded, umbra, 93% to hit)
You shoot a bolt.
The bolt barely misses the boulder beetle.
The boulder beetle leaps!
Fire: a) +0 hand crossbow
Press: ? - help, Q - select action, (/) - cycle Shift-Dir - straight line, f/p - boulder beetle
Aim: a boulder beetle (severely wounded, umbra, 93% to hit)
You shoot a bolt.
The bolt completely misses the boulder beetle.
The boulder beetle curls into a ball and begins rolling!
Fire: a) +0 hand crossbow
Press: ? - help, Q - select action, (/) - cycle Shift-Dir - straight line, f/p - boulder beetle
Aim: a boulder beetle (severely wounded, rolling, umbra, 93% to hit)
You shoot a bolt. The bolt hits the boulder beetle.
The boulder beetle is almost dead.
The boulder beetle hits you!!!
Ouch! That really hurt!
You die...

#.....## #..##)..... #.####.##
#..##...##.# ##.## #..##...)#
# ##.## #..##.....##.# ##.##
#..##.#.......# #...##
##..##.......####
#######.##.###.†##.####...#
#>......##..#B.##.## #...#
#.......##..°@##..#####...# ##
#.......###°#.#.#.............
#.......# #.##.##.............
#...<...# #.#####.............
#.......# #.# #.#####.).
#.......# #.# #.# .. ######.##
#.. ..# . .. ... ### ###


You could see a boulder beetle (rolling).

Vanquished Creatures
  Erica (D:8)
  A two-headed ogre (D:9)
  Pikel (D:9)
  An ugly thing (D:10)
  Maggie (D:9)
  2 trolls
  A hornet (D:9)
  Prince Ribbit (D:9)
  3 wyverns
  18 yaks
  Eustachio (D:5)
  3 steam dragons
  Edmund (D:4)
  4 orc warriors (D:9)
  3 water moccasins
  A black bear (D:7)
  3 ogres
  5 centaurs
  2 phantoms (D:6)
  3 kobold brigands
  2 gnoll sergeants
  4 bullfrogs
  3 scorpions
  10 wights (D:8)
  5 howler monkeys
  A vampire bat (D:3)
  An electric eel (D:7)
  A lava snake (D:7)
  3 hounds
  2 jellies (D:6)
  2 orc priests
  Crazy Yiuf (D:4)
  6 iguanas
  3 gnoll boudas
  6 orc wizards
  Ijyb (D:4)
  28 gnolls
  4 adders
  A worm (D:4)
  2 dart slugs (D:2)
  25 orcs
  11 bats
  7 endoplasms
  4 giant cockroaches
  9 goblins
  7 hobgoblins
  2 jackals (D:3)
  7 quokkas
  5 ball pythons
  24 kobolds
  6 rats
249 creatures vanquished.

Vanquished Creatures (others)
  A wizard (D:5)
1 creature vanquished.

Grand Total: 250 creatures vanquished

Notes
Turn   | Place    | Note
-------+----------+-------------------------------------------
     0 | D:1      | GeoRichter the Spriggan Hunter began the quest for the Orb.
     0 | D:1      | Reached XP level 1. HP: 10/10 MP: 2/2
    81 | D:1      | Reached XP level 2. HP: 14/14 MP: 3/3
   279 | D:1      | Reached skill level 5 in Ranged Weapons
   300 | D:1      | Reached XP level 3. HP: 18/18 MP: 4/4
   803 | D:2      | Found a hide-covered altar of Uskayaw.
   954 | D:2      | Reached XP level 4. HP: 22/22 MP: 5/5
  1467 | D:3      | Reached skill level 6 in Ranged Weapons
  1590 | D:3      | Reached XP level 5. HP: 13/25 MP: 6/6
  2165 | D:4      | Reached skill level 7 in Ranged Weapons
  2306 | D:4      | Noticed Ijyb
  2310 | D:4      | Killed Ijyb
  2370 | D:4      | Identified the +0 hammer "Lune" {drain, Int+5}
  2394 | D:4      | Reached XP level 6. HP: 20/30 MP: 3/7
  2482 | D:4      | Found a staircase to the Ecumenical Temple.
  2491 | Temple   | Entered the Ecumenical Temple
  2578 | Temple   | Became a worshipper of Dithmenos the Shadowed
  2676 | D:4      | Found a runed translucent door.
  2677 | D:4      | Noticed Crazy Yiuf
  2791 | D:4      | Killed Crazy Yiuf
  2876 | D:5      | Entered Level 5 of the Dungeon
  2982 | D:5      | Found a bloodstained altar of Trog.
  2983 | D:5      | Noticed a wizard
  2992 | D:5      | Killed a wizard
  3076 | D:5      | Reached skill level 8 in Ranged Weapons
  3076 | D:5      | Reached XP level 7. HP: 19/35 MP: 1/8
  3191 | D:5      | Noticed Edmund
  3216 | D:4      | Killed Edmund
  3320 | D:5      | Found a hazy altar of Hepliaklqana.
  3617 | D:5      | Noticed Eustachio
  3629 | D:5      | Killed Eustachio
  3630 | D:5      | Reached skill level 9 in Ranged Weapons
  3657 | D:5      | Found a sparkling altar of Nemelex Xobeh.
  3676 | D:5      | Reached XP level 8. HP: 42/42 MP: 9/9
  3913 | D:5      | Reached * piety under Dithmenos
  4127 | D:6      | Reached skill level 10 in Ranged Weapons
  4215 | D:6      | Found a broken altar of Ashenzari.
  4219 | D:6      | Identified the +7 short sword of Dividends {protect, Dex+2}
  4762 | D:6      | Reached skill level 5 in Fighting
  4964 | D:6      | Reached XP level 9. HP: 47/47 MP: 10/10
  5153 | D:7      | Reached skill level 11 in Ranged Weapons
  5678 | D:7      | Found a shimmering altar of Xom.
  6214 | D:7      | Reached ** piety under Dithmenos
  6812 | D:7      | Noticed an obsidian statue
  7205 | D:8      | Found Wereafry's Magic Scroll Shop.
  7205 | D:8      | Found Ziuni's Armour Shop.
  7205 | D:8      | Found Fituri's Distillery.
  7208 | D:8      | Bought a scroll of identify for 20 gold pieces
  7208 | D:8      | Bought a scroll of identify for 20 gold pieces
  7208 | D:8      | Bought a scroll of identify for 20 gold pieces
  7208 | D:8      | Bought a scroll of silence for 95 gold pieces
  7290 | D:8      | Found a glowing golden altar of the Shining One.
  7317 | D:8      | Found a radiant altar of Vehumet.
  7353 | D:8      | Reached skill level 12 in Ranged Weapons
  7548 | D:8      | Identified a scroll of acquirement
  7569 | D:8      | Identified the +0 leather armour of the Abyss {Will+}
  7570 | D:8      | Acquired the +1 cloak of Wu Jian's Delight {Rampage rElec
                  | Dex+7}
  7794 | D:8      | Reached XP level 10. HP: 53/53 MP: 11/11
  7900 | D:8      | Found a burning altar of Makhleb.
  7915 | D:8      | Reached skill level 13 in Ranged Weapons
  8397 | D:8      | Found a white marble altar of Elyvilon.
  8464 | D:8      | Noticed Erica
  8584 | D:8      | Killed Erica
  8584 | D:8      | Reached *** piety under Dithmenos
  8933 | D:9      | Noticed Pikel
  8957 | D:9      | Killed Pikel
  8958 | D:9      | Reached skill level 14 in Ranged Weapons
  9032 | D:9      | Noticed a boulder beetle
  9035 | D:9      | Noticed a four-headed hydra
  9044 | D:9      | Noticed a cyclops
  9045 | D:9      | Noticed a cyan ugly thing
  9056 | D:9      | Noticed Prince Ribbit
  9064 | D:9      | Noticed a two-headed ogre
  9065 | D:9      | Killed Prince Ribbit
  9107 | D:9      | Noticed a two-headed ogre
  9134 | D:9      | Killed a two-headed ogre
  9222 | D:9      | Noticed a fire crab
  9345 | D:9      | Noticed Maggie
  9360 | D:9      | Killed Maggie
  9361 | D:9      | Reached XP level 11. HP: 56/60 MP: 10/12
  9622 | D:8      | Bought a potion of haste for 110 gold pieces
  9622 | D:8      | Bought a potion of invisibility for 88 gold pieces
  9622 | D:8      | Bought a potion of invisibility for 88 gold pieces
  9694 | D:9      | Identified the +1 ring mail of Peek-a-Boo {Dex+3}
  9950 | D:9      | Reached skill level 15 in Ranged Weapons
  9950 | D:9      | Reached skill level 1 in Evocations
 10186 | D:10     | Entered Level 10 of the Dungeon
 10364 | D:9      | Reached **** piety under Dithmenos
 10378 | D:10     | Identified the ring "Zuseps" {Fly rN++ Str+3 Int-2}
 10504 | D:10     | Noticed a white ugly thing
 10508 | D:10     | Noticed a boulder beetle
 10510 | D:10     | Killed a white ugly thing
 10529 | D:10     | Mangled by a boulder beetle

Illustrated notes

Levels and vault maps discovered:
D:1:      eino_arrival_druids_welcome, layout_rooms
D:2:      layout_basic, basic_altar, serial_aquarium, aquarium_bridge_straight
          [aquarium_subvault_bridge, aquarium_subvault_window,
          aquarium_subvault_bridge, aquarium_subvault_window],
          aquarium_bridge_long_separate [aquarium_subvault_window,
          aquarium_subvault_bridge, aquarium_subvault_wall,
          aquarium_subvault_bridge, aquarium_subvault_bridge,
          aquarium_subvault_bridge], aquarium_window_double, aquarium_window_2,
          aquarium_view_2c, minmay_hexomino_c4
D:3:      layout_loops_ring, roderic_batcave
D:4:      layout_rooms, minmay_temple_entry_statues_fountains,
          minmay_misc_feat_enclosed, uniq_ijyb, uniq_crazy_yiuf_cottage
D:5:      layout_rooms, trog_wizard, nemelex_diamond_rough_becter,
          nicolae_hepliaklqana_hazy_memory, uniq_edmund, uniq_eustachio
D:6:      layout_loops_cross, mainiacjoe_overflow_catwalk
D:7:      statuecave_lemuel, layout_basic, brannock_xom_greatest_gift,
          kennysheep_pointless_box
D:8:      layout_basic, nicolae_elyvilon_temple_path,
          mainiacjoe_overflow_alcove_4, lemuel_round_altar,
          nicolae_vehumet_altar_sigil, nicolae_shop_distant_corner_stores,
          abandoned_shop, minmay_between, uniq_erica
D:9:      minmay_octagon_keep, layout_irregular_city, minivault_12,
          uniq_prince_ribbit1, uniq_maggie, uniq_pikel
D:10:     layout_loops_cross, kennysheep_okawaru_gauntlet, led_sif_book,
          lemuel_crystal_altar, lair_entry_dummy, orc_0_dummy,
          minmay_diamond_spiral
Temple:   eino_temple_lava

Skill      XL: |  1  2  3  4  5  6  7  8  9 10 11 |
---------------+----------------------------------+-----
Ranged Weapons | 5 6 7 8 9 10 12 14 15 | 15.2
Fighting       | 2 3 5 6 8 |  8.4
Dodging        | 3 |  3.9
Stealth        | 3 |  3.6
Evocations     | 2 |  2.5

Action                     |  1- 3 |  4- 6 |  7- 9 | 10-12 || total
---------------------------+-------+-------+-------+-------++-------
  Melee: Short sword       |       |       |       |    34 ||    34
         Punch             |       |       |       |     1 ||     1
   Fire: Shortbow          |    91 |   182 |   450 |   230 ||   953
         Hand crossbow     |       |       |       |    69 ||    69
         Arbalest          |       |       |       |    20 ||    20
  Throw: Dart              |       |     1 |     1 |     2 ||     4
  Evoke: Wand              |       |       |       |     5 ||     5
    Use: Scroll            |       |     6 |    10 |     1 ||    17
         Potion            |       |     1 |     1 |     2 ||     4
   Stab: Invisible         |       |       |       |     8 ||     8
 Armour: Robe              |     1 |    12 |    12 |    10 ||    35
  Dodge: Dodged            |     9 |    91 |   141 |   112 ||   353
